 Dungeon Crawl Stone Soup version 0.30.1-9-gdf580d7c3d (webtiles) character file.

Game seed: 6512401546066394382

90992 Nexanis the Devastator (level 16, -4/102 HPs)
             Began as a Human Conjurer on Oct 22, 2023.
             Was a High Priest of Vehumet.
             Slain by a death knight
             ... wielding a +2 broad axe of venom
              (19 damage)
             ... on level 14 of the Dungeon.
             The game lasted 03:11:48 (29765 turns).

Nexanis the Devastator (Human Conjurer)            Turns: 29765, Time: 03:11:49

Health: -4/102     AC:  8    Str:  7    XL:     16   Next: 49%
Magic:  5/43       EV: 14    Int: 26    God:    Vehumet [*****.]
Gold:   350        SH:  0    Dex: 13    Spells: 4/44 levels left

rFire   + . .        H - staff of fire
rCold   . . .        (no shield)
rNeg    . . .        q - +2 robe {Archmagi}
rPois   +            (helmet restricted)
rElec   .            (no cloak)
rCorr   .            w - +2 pair of gloves
SInv    .            U - +0 pair of boots of the Clam {+Inv rPois Will+}
Will    ++++.        b - amulet of regeneration
Stlth   +++          r - ring of willpower
HPRegen 1.17/turn    K - ring of magical power
MPRegen 0.28/turn

%: archmagi
@: marked, slowed, very slow
A: beak, strong-willed 1, wild magic 1
a: Renounce Religion, Evoke Invisibility


You were on level 14 of the Dungeon.
You worshipped Vehumet.
Vehumet was extremely pleased with you.
You visited 4 branches of the dungeon, and saw 23 of its levels.

You collected 2918 gold pieces.
You spent 2568 gold pieces at shops.

Inventory:

Missiles
 S - a throwing net
Armour
 q - a +2 robe of the Archmagi (worn)
 w - a +2 pair of gloves (worn)
 U - the +0 pair of boots of the Clam (worn) {+Inv rPois Will+}
   (You acquired it on level 2 of the Orcish Mines)

   rPois:     It protects you from poison.
   +Inv:      It lets you turn invisible.
   Will:      It increases your willpower.
Magical Staves
 H - a staff of fire (weapon)
Jewellery
 b - an amulet of regeneration (around neck)
 e - an amulet of faith
 f - the ring "Reanum" {rPois rF+ Will+ rCorr Str-5}
   (You took it off a fire giant on level 14 of the Dungeon)

   [ring of protection from fire]

   Str:       It affects your strength (-5).
   rF:        It protects you from fire.
   rPois:     It protects you from poison.
   rCorr:     It protects you from acid and corrosion.
   Will:      It increases your willpower.
 i - a +4 ring of slaying
 p - an amulet of guardian spirit
 r - a ring of willpower (left hand)
 F - a ring of positive energy
 G - a ring of willpower
 I - a ring of positive energy
 K - a ring of magical power (right hand)
 L - a ring of flight
 T - an amulet of reflection
Wands
 a - a wand of light (8)
 n - a wand of digging (13)
 s - a wand of mindburst (1)
 z - a wand of paralysis (3)
 C - a wand of iceblast (21)
 P - a wand of polymorph (6)
 Q - a wand of flame (23)
Scrolls
 c - 3 scrolls of immolation
 d - 10 scrolls of teleportation
 h - 2 scrolls of enchant weapon
 k - 4 scrolls of vulnerability
 m - 5 scrolls of fog
 x - a scroll of magic mapping
 y - 3 scrolls of fear
 A - 3 scrolls of noise
 B - 2 scrolls of blinking
 D - a scroll of brand weapon
 M - a scroll of torment
 O - 6 scrolls of identify
 Y - a scroll of amnesia
Potions
 g - 4 potions of mutation
 j - a potion of ambrosia
 l - 4 potions of heal wounds
 o - 5 potions of attraction
 t - 2 potions of cancellation {unknown}
 u - 2 potions of haste
 v - 7 potions of curing
 E - 2 potions of might
 J - 3 potions of degeneration
 N - 2 potions of brilliance
 R - a potion of resistance {unknown}
 V - a potion of flight {unknown}
 X - a potion of invisibility {unknown}


   Skills:
 + Level 2.7 Fighting
 + Level 5.5 Dodging
 + Level 5.3 Stealth
 + Level 0.4 Unarmed Combat
 + Level 14.8 Spellcasting
 + Level 16.0 Conjurations
 - Level 9.5 Hexes
 - Level 8.8 Translocations
 - Level 9.4 Fire Magic
 + Level 1.2 Earth Magic


You had 4 spell levels left.
You knew the following spells:

 Your Spells              Type           Power      Damage    Failure   Level
a - Magic Dart            Conj           100%       1d8       1%          1
b - Searing Ray           Conj           100%       2d8       1%          2
c - Foxfire               Conj/Fire      100%       2x1d9     1%          1
d - Orb of Destruction    Conj           58%        9d14      1%          7
e - Fulminant Prism       Conj/Hex       53%        3d22      1%          4
f - Iskenderun's Mystic   Conj/Tloc      100%       2d19      1%          4
g - Sandblast             Erth           100%       2d20      1%          1
h - Fireball              Conj/Fire      64%        3d24      1%          5
i - Momentum Strike       Conj/Tloc      100%       3d10      1%          2
j - Volatile Blastmotes   Fire/Tloc      100%       2d18      1%          3
k - Sting                 Tmut/Pois      100%       1d8       4%          1
l - Starburst             Conj/Fire      64%        6d17      1%          6
m - Stone Arrow           Conj/Erth      100%       3d13      1%          3

Your spell library contained the following spells:

 Spells                   Type           Power      Damage    Failure   Level
 Arcjolt                  Conj/Air       43%        1d53      1%          5
 Static Discharge         Conj/Air       100%       2-7/arc   1%          2
 Dazzling Flash           Conj/Hex       100%       N/A       1%          3
 Summon Guardian Golem    Hex/Summ       72%        N/A       2%          3
 Frozen Ramparts          Ice            74%        1d12      3%          3
 Passwall                 Tmut/Erth      36%        N/A       5%          2
 Cigotuvi's Dreadful Rot  Necr/Pois/Air  74%        N/A       7%          2
 Airstrike                Air            18%        2d(3-19)  11%         4
 Ozocubu's Armour         Ice            37%        N/A       13%         3
 Dispel Undead            Necr           37%        3d15      36%         4
 Ice Form                 Ice/Tmut       37%        N/A       36%         4
 Summon Ice Beast         Ice/Summ       37%        N/A       36%         4
 Summon Lightning Spire   Summ/Air       37%        N/A       36%         4
 Irradiate                Conj/Tmut      43%        3d26      1%          5
 Metabolic Englaciation   Hex/Ice        36%        N/A       16%         5
 Summon Mana Viper        Hex/Summ       72%        N/A       16%         5
 Summon Forest            Summ/Tloc      35%        N/A       19%         5
 Plasma Beam              Fire/Air       45%        2x1d65    21%         6
 Spellforged Servitor     Conj/Summ      43%        N/A       28%         7
 Fire Storm               Conj/Fire      64%        8d16      98%         9
 Death Channel            Necr           18%        N/A       99%         6
 Simulacrum               Ice/Necr       18%        N/A       99%         6
 Summon Cactus Giant      Summ           18%        N/A       99%         6
 Storm Form               Tmut/Air       18%        N/A       100%        7
 Summon Hydra             Summ           18%        N/A       100%        7


Dungeon Overview and Level Annotations

Branches:
Dungeon (15/15)            Temple (1/1) D:5            Lair (5/5) D:8
 Shoals (0/4) Lair:3        Snake (0/4) Lair:3        Slime (0/5) Lair:4
    Orc (2/2) D:11            Elf (0/3) Orc:2        Vaults (0/5) D:14
 Depths: D:15

Altars:
Ashenzari
Cheibriados
Dithmenos
Elyvilon
Fedhas
Gozag
Hepliaklqana
Kikubaaqudgha
Makhleb
Nemelex Xobeh
Okawaru
Qazlal
Ru
Sif Muna
Trog
Uskayaw
Vehumet
Wu Jian
Xom
Yredelemnul
Zin
The Shining One
Jiyva

Shops:
D:14 *:   Orc:2 [?:[(!

Annotations:
D:5 3 runed translucent doors, Janerl's ghost, novice BaFi
D:7 2 transporters, KittyFluff's ghost, novice GrBe
Lair:4 2 transporters


Innate Abilities, Weirdness & Mutations

You have a beak for a mouth.
You are strong-willed. (Will+)
Your spells are a little harder to cast, but a little more powerful.


Message History

The wraith completely misses you. The wraith misses you.
Casting: Iskenderun's Mystic Blast (safe; 1% risk of failure)
Confirm with . or Enter, or press ? or * to list all spells.
You feel a surge of power!
You erupt in a blast of force!
The mystic blast hits the death knight!
The death knight is severely wounded.
The death knight is knocked back by the mystic blast.
The mystic blast hits the wraith.
The wraith is severely damaged.
The wraith is knocked back by the mystic blast.
The death knight reflects your damage back at you!
The death knight mumbles some strange prayers to Yredelemnul against you.
You resist with almost no effort.
The death knight's dark mirror aura disappears.
Really walk onto that alarm trap?
You set off the alarm!
The alarm trap emits a blaring wail!
A sentinel's mark forms upon you.
The death knight hits you with a +2 broad axe of venom!!
You are poisoned.
The wraith hits you. The wraith drains your vigour!
You feel yourself slow down.
* * * LOW HITPOINT WARNING * * *
You feel extremely sick. The death knight barely misses you.
The wraith hits you.
* * * LOW HITPOINT WARNING * * *
The death knight completely misses you.
You feel much better.
You feel extremely sick. The wraith hits you! The wraith drains your vigour!
You feel as though you will be slow longer.
The death knight closely misses you. The wraith hits you.
You feel better.
The death knight hits you with a +2 broad axe of venom!!
* * * LOW HITPOINT WARNING * * *
The wraith hits you!
* * * LOW HITPOINT WARNING * * *
The death knight hits you with a +2 broad axe of venom!!
You die...

#...##.# #...##.#
....##.# ....##.#
##### ....##.# #...#
#...##.## #.#.#
.....#..###.#.#######
°.#..##..##.#....W..#
............#...@.#.#
#....#.#.#......#p#.#
..##.#........#.#...#
..##..........#.#####
.####....>.##.#.# .#
##.####.##.#.# .#
#.......#....#
.###..###########
##.....[..#


You could see a death knight and a wraith.

Vanquished Creatures
  A fire giant (D:14)
  Josephine (Lair:4)
  A great orb of eyes (D:14)
  A fire dragon (Lair:5)
  Harold (D:11)
  5 vault guards (D:14)
  9 hydras
  5 centaur warriors
  4 catoblepae
  6 boulder beetles
  An anaconda (shapeshifter) (D:14)
  A two-headed ogre (Orc:2)
  A tengu warrior (D:14)
  4 death yaks (Lair:5)
  Sonja (D:11)
  An orc high priest (Orc:2)
  Nergalle (Lair:2)
  6 skeletal warriors
  A flayed ghost (D:14)
  A swamp dragon (Lair:5)
  3 wizards (D:14)
  9 orc sorcerers
  A lindwurm (Lair:5)
  4 orc knights
  A phantasmal warrior (D:14)
  A manticore (shapeshifter) (D:14)
  3 ugly things (D:14)
  A deep elf pyromancer (D:14)
  9 cyclopes
  3 manticores
  4 black mambas
  10 elephants (Lair:5)
  A torpor snail (Lair:5)
  A gargoyle (D:13)
  8 cane toads
  14 komodo dragons
  8 rime drakes
  An efreet (D:13)
  An unseen horror (D:10)
  An unseen horror (shapeshifter) (D:14)
  A yaktaur (D:14)
  A tengu conjurer (D:14)
  2 freezing wraiths
  8 trolls
  A polar bear (Lair:3)
  Grinder (D:6)
  2 hornets
  11 blink frogs
  14 slime creatures
  5 shadows
  10 wraiths
  A spriggan (shapeshifter) (D:15)
  5 wyverns
  2 vampires
  30 yaks
  A human (D:14)
  4 basilisks
  5 steam dragons
  8 vampire mosquitoes
  Menkaure (D:4)
  A redback simulacrum (D:14)
  3 nagas (Lair:3)
  3 wargs
  2 acid dragons
  A two-headed ogre zombie (D:11)
  12 water moccasins
  3 swamp drakes (Lair:5)
  38 orc warriors
  A sky beast (D:7)
  10 ogres
  5 black bears
  6 centaurs
  12 wolves
  2 phantoms
  Blork the orc (D:6)
  A kobold brigand (D:9)
  10 bullfrogs
  2 scorpions
  2 jellies
  A troll zombie (D:11)
  10 killer bees
  7 howler monkeys
  An electric eel (Lair:1)
  36 orc priests
  2 hounds (D:5)
  A gnoll bouda (D:4)
  Terence (D:2)
  2 sleepcaps
  6 iguanas
  34 orc wizards
  2 hell rats (Lair:4)
  6 ogre zombies (D:11)
  7 gnolls
  6 river rats (Lair:4)
  8 adders
  A shadow imp (D:5)
  A white imp (D:8)
  2 worms (D:5)
  2 dart slugs
  95 orcs
  10 endoplasms
  6 giant cockroaches
  3 goblins
  12 hobgoblins
  9 kobolds
  2 quokkas
  6 ball pythons
  5 bats
  A frilled lizard (D:1)
  3 goblin zombies (D:11)
  2 hobgoblin skeletons (D:11)
  2 hobgoblin zombies (D:11)
  2 orc skeletons (D:11)
  16 orc zombies (D:11)
  7 rats
  2 foxfires (Lair:3)
  2 fulminant prisms
685 creatures vanquished.

Vanquished Creatures (others)
  An orc (Orc:2)
  263 foxfires
  165 fulminant prisms
429 creatures vanquished.

Grand Total: 1114 creatures vanquished

Notes
Turn   | Place    | Note
-------+----------+-------------------------------------------
     0 | D:1      | Nexanis the Human Conjurer began the quest for the Orb.
     0 | D:1      | Reached XP level 1. HP: 13/13 MP: 3/3
   195 | D:1      | Reached XP level 2. HP: 10/19 MP: 1/5
   650 | D:1      | Found a faded altar of an unknown god.
   848 | D:1      | Reached XP level 3. HP: 18/24 MP: 2/6
  1084 | D:1      | Learned a level 2 spell: Searing Ray
  1235 | D:2      | Reached XP level 4. HP: 30/30 MP: 2/7
  1306 | D:2      | Noticed Terence
  1316 | D:2      | Killed Terence
  1317 | D:2      | Reached skill level 5 in Conjurations
  1583 | D:2      | Reached XP level 5. HP: 35/35 MP: 3/9
  2035 | D:2      | Found an ancient bone altar of Kikubaaqudgha.
  2363 | D:3      | Found a snail-covered altar of Cheibriados.
  3081 | D:4      | Noticed Menkaure
  3086 | D:4      | Killed Menkaure
  3087 | D:4      | Reached XP level 6. HP: 40/41 MP: 4/12
  3339 | D:4      | Reached XP level 7. HP: 46/46 MP: 9/13
  3379 | D:4      | Found an ancient bone altar of Kikubaaqudgha.
  3834 | D:5      | Entered Level 5 of the Dungeon
  3844 | D:5      | Reached skill level 6 in Conjurations
  3860 | D:5      | Reached skill level 5 in Spellcasting
  4151 | D:5      | Learned a level 1 spell: Foxfire
  4155 | D:5      | Learned a level 3 spell: Dazzling Flash
  4160 | D:5      | Learned a level 4 spell: Fulminant Prism
  4165 | D:5      | Learned a level 4 spell: Iskenderun's Mystic Blast
  4284 | D:5      | Reached XP level 8. HP: 53/53 MP: 1/15
  4578 | D:5      | Found a staircase to the Ecumenical Temple.
  4605 | Temple   | Entered the Ecumenical Temple
  4820 | Temple   | Became a worshipper of Vehumet
  5038 | D:5      | Found a shadowy altar of Dithmenos.
  5210 | D:5      | Gained mutation: Your spells are a little harder to cast,
                  | but a little more powerful. [potion of mutation]
  5210 | D:5      | Gained mutation: You are strong-willed. (Will+) [potion of
                  | mutation]
  5210 | D:5      | Gained mutation: You have a beak for a mouth. [potion of
                  | mutation]
  5468 | D:5      | Reached skill level 7 in Conjurations
  5888 | D:5      | Found a shimmering blue altar of Sif Muna.
  5888 | D:5      | Found a sacrificial altar of Ru.
  5888 | D:5      | Found an opulent altar of Gozag.
  5888 | D:5      | Found a sparkling altar of Nemelex Xobeh.
  5895 | D:5      | Found a broken altar of Ashenzari.
  5895 | D:5      | Found a burning altar of Makhleb.
  6022 | D:5      | Found a runed translucent gate.
  6022 | D:5      | Identified the +1 whip of the Witching Gods {freeze, Str+4}
  6022 | D:5      | Identified the +1 leather armour of the Lion {rPois Int+2
                  | Dex+4}
  6022 | D:5      | Noticed Janerl's ghost (novice BaFi)
  6023 | D:5      | Found a runed translucent gate.
  6024 | D:5      | Found a runed translucent gate.
  6402 | D:6      | Reached skill level 1 in Fighting
  6453 | D:6      | Noticed Grinder
  6474 | D:6      | Killed Grinder
  6547 | D:6      | Noticed Blork the orc
  6559 | D:6      | Killed Blork the orc
  6560 | D:6      | Reached XP level 9. HP: 36/59 MP: 5/18
  7085 | D:6      | Reached skill level 8 in Conjurations
  7235 | D:7      | Reached skill level 1 in Hexes
  7240 | D:7      | Reached skill level 1 in Fire Magic
  7381 | D:7      | Reached skill level 1 in Translocations
  7465 | D:7      | Found a transporter.
  7468 | D:7      | Noticed KittyFluff's ghost (novice GrBe)
  7472 | D:7      | Found a transporter.
  8864 | D:8      | Reached XP level 10. HP: 67/67 MP: 14/20
  9116 | D:8      | Found a staircase to the Lair.
  9135 | D:8      | Reached * piety under Vehumet
  9135 | D:8      | Offered knowledge of Sandblast by Vehumet.
  9209 | D:8      | Learned a level 1 spell: Sandblast
  9385 | D:8      | Found a white marble altar of Elyvilon.
  9453 | D:8      | Reached skill level 9 in Conjurations
  9933 | D:9      | Paralysed by a hornet for 1 turns
 10155 | D:9      | Identified the +4 short sword "Rim Yzoe" {flame, Fly}
 10941 | D:10     | Entered Level 10 of the Dungeon
 11215 | D:10     | Found a blossoming altar of Fedhas.
 11349 | D:10     | Found a stormy altar of Qazlal.
 11555 | D:10     | Reached XP level 11. HP: 72/72 MP: 14/23
 11699 | D:10     | Learned a level 5 spell: Fireball
 11818 | D:10     | Offered knowledge of Momentum Strike by Vehumet.
 11869 | D:10     | Learned a level 2 spell: Momentum Strike
 11955 | D:10     | Noticed a catoblepas
 12055 | D:10     | Found a glowing golden altar of the Shining One.
 12055 | D:10     | Found an iron altar of Okawaru.
 12446 | Lair:1   | Entered Level 1 of the Lair of Beasts
 12504 | Lair:1   | Reached skill level 10 in Conjurations
 12607 | Lair:1   | Got the Lectures on Creative Transmogrification
 12635 | Lair:1   | Reached ** piety under Vehumet
 12644 | Lair:1   | Reached skill level 5 in Hexes
 13324 | Lair:2   | Reached skill level 5 in Translocations
 13451 | Lair:2   | Reached skill level 5 in Fire Magic
 14093 | Lair:2   | Noticed a five-headed hydra
 14103 | Lair:2   | Killed a five-headed hydra
 14104 | Lair:2   | Reached XP level 12. HP: 54/78 MP: 7/25
 14417 | Lair:2   | Noticed Nergalle
 14420 | Lair:2   | Killed Nergalle
 14726 | Lair:3   | Noticed a four-headed hydra
 14730 | Lair:3   | Killed a four-headed hydra
 14737 | Lair:3   | Offered knowledge of Volatile Blastmotes by Vehumet.
 14738 | Lair:3   | Reached skill level 11 in Conjurations
 14854 | Lair:3   | Found a staircase to the Snake Pit.
 14882 | Lair:3   | Found a staircase to the Shoals.
 14959 | Lair:3   | Identified the +0 helmet of Patience {rN++ Regen+ Dex+3
                  | Stlth-}
 15071 | Lair:3   | Reached skill level 5 in Dodging
 16118 | Lair:4   | Noticed a six-headed hydra
 16121 | Lair:4   | Killed a six-headed hydra
 16122 | Lair:4   | Reached skill level 5 in Stealth
 16125 | Lair:4   | Reached skill level 10 in Spellcasting
 16127 | Lair:4   | Reached *** piety under Vehumet
 16131 | Lair:4   | Noticed an eight-headed hydra
 16468 | Lair:4   | Found a viscous altar of Jiyva.
 16468 | Lair:4   | Found a staircase to the Slime Pits.
 16496 | Lair:4   | Learned a level 3 spell: Volatile Blastmotes
 16498 | Lair:4   | Learned a level 1 spell: Sting
 16576 | Lair:4   | Found a transporter.
 16578 | Lair:4   | Noticed a boulder beetle
 16579 | Lair:4   | Found a transporter.
 16636 | Lair:4   | Noticed Josephine
 16645 | Lair:4   | Killed Josephine
 16646 | Lair:4   | Reached XP level 13. HP: 60/85 MP: 27/27
 16649 | Lair:4   | Offered knowledge of Ignite Poison by Vehumet.
 16806 | Lair:4   | Killed an eight-headed hydra
 17134 | Lair:5   | Entered Level 5 of the Lair of Beasts
 17251 | Lair:5   | Reached skill level 12 in Conjurations
 17541 | Lair:5   | Noticed a catoblepas
 17626 | Lair:4   | Learned a level 6 spell: Starburst
 17964 | Lair:5   | Reached **** piety under Vehumet
 18373 | Lair:5   | Offered knowledge of Frozen Ramparts by Vehumet.
 18700 | Lair:5   | Reached XP level 14. HP: 91/91 MP: 24/29
 19230 | Lair:5   | Reached skill level 1 in Earth Magic
 19512 | Lair:5   | Reached skill level 13 in Conjurations
 19879 | Lair:5   | Reached ***** piety under Vehumet
 20549 | D:11     | Found a glowing golden altar of the Shining One.
 20577 | D:11     | Offered knowledge of Conjure Ball Lightning by Vehumet.
 20937 | D:11     | Noticed Sonja
 20939 | D:11     | Killed Sonja
 21310 | D:11     | Noticed Harold
 21317 | D:11     | Killed Harold
 21722 | D:11     | Found a staircase to the Orcish Mines.
 22905 | Orc:1    | Entered Level 1 of the Orcish Mines
 22915 | Orc:1    | Offered knowledge of Freezing Cloud by Vehumet.
 23130 | Orc:1    | Reached XP level 15. HP: 96/96 MP: 10/31
 23853 | Orc:2    | Entered Level 2 of the Orcish Mines
 24028 | Orc:2    | Offered knowledge of Orb of Destruction by Vehumet.
 24030 | Orc:2    | Reached skill level 14 in Conjurations
 24827 | Orc:2    | Found Xuffidwi's Distillery.
 24877 | Orc:2    | Bought a potion of curing for 33 gold pieces
 24877 | Orc:2    | Bought a potion of heal wounds for 55 gold pieces
 24877 | Orc:2    | Bought 2 potions of heal wounds for 110 gold pieces
 24877 | Orc:2    | Bought a potion of haste for 110 gold pieces
 24933 | Orc:2    | Found a staircase to the Elven Halls.
 25016 | Orc:2    | Found Icyk Far's Antique Weapon Shop.
 25241 | Orc:2    | Found Enisse's Armour Shoppe.
 25241 | Orc:2    | Found Baoddieh's Book Emporium.
 25242 | Orc:2    | Found Isamoin's Armour Emporium.
 25246 | Orc:2    | Found Jyup Xor's Magic Scroll Shoppe.
 25252 | Orc:2    | Bought a book of Storms for 416 gold pieces
 25252 | Orc:2    | Bought a book of Geomancy for 288 gold pieces
 25252 | Orc:2    | Bought the Teachings on Posthumous Power for 736 gold
                  | pieces
 25254 | Orc:2    | Bought a scroll of identify for 30 gold pieces
 25254 | Orc:2    | Bought a scroll of amnesia for 60 gold pieces
 25254 | Orc:2    | Bought a scroll of fear for 60 gold pieces
 25254 | Orc:2    | Bought a scroll of identify for 30 gold pieces
 25255 | Orc:2    | Identified a scroll of acquirement
 25258 | Orc:2    | Acquired the +0 pair of boots of the Clam {+Inv rPois
                  | Will+}
 25273 | Orc:2    | Bought a book of Dangerous Friends for 640 gold pieces
 25281 | Orc:2    | Learned a level 7 spell: Orb of Destruction
 26481 | D:14     | Offered knowledge of Yara's Violent Unravelling by Vehumet.
 26490 | D:14     | Reached skill level 15 in Conjurations
 27347 | D:14     | Found Sehepill's Book Shoppe.
 27366 | D:14     | Found Utosups's Demolitions Depot.
 27479 | D:14     | Reached XP level 16. HP: 91/102 MP: 33/33
 27557 | D:14     | Found a gate to the Vaults.
 28632 | D:14     | Identified the ring "Reanum" {rPois rF+ Will+ rCorr Str-5}
 28632 | D:14     | Noticed a fire giant
 28898 | D:14     | Learned a level 3 spell: Stone Arrow
 29031 | D:14     | Killed a fire giant
 29172 | D:14     | Reached skill level 16 in Conjurations
 29173 | D:14     | Offered knowledge of Arcjolt by Vehumet.
 29688 | D:15     | Entered Level 15 of the Dungeon
 29688 | D:15     | Found a radiant altar of Vehumet.
 29765 | D:14     | Slain by a death knight

Illustrated notes

Levels and vault maps discovered:
D:1:      mrwooster_arrival_statue_3, layout_loops_ring,
          ebering_ecumenical_altar_petrified
D:2:      layout_loops_ring, basic_altar, grunt_decor_arrowhead,
          nicolae_kite_square_tiling_tiny, uniq_terence
D:3:      layout_basic, mainiacjoe_overflow_cross_hatched
D:4:      cheibrodos_quashed, layout_rooms, mainiacjoe_overflow_boulevard,
          uniq_menkaure
D:5:      layout_basic, minmay_overflow_temple_hex,
          grunt_dithmenos_smoke_and_mirrors, temple_fountains,
          biasface_ghost_orc_armoury, gup_sewer_entry_bowl
D:6:      layout_loops_ring, uniq_blork_the_orc, uniq_grinder
D:7:      layout_gridville, gammafunk_ghost_arena
D:8:      layout_basic, amcnicky_altar_gilded, david_lair_generic,
          chequers_serial_rivers_micro_d
D:9:      layout_stronghold
D:10:     nzn_motion_control, layout_long_grid, fedhas_bush_and_centaur_altar,
          lemuel_round_altar, mainiacjoe_overflow_large_starburst
D:11:     minmay_chambers_of_sixes, layout_cave_pools, zombieorc2_lemuel,
          tso_metal_star, uniq_harold, uniq_sonja
D:12:     layout_loops_cross, kennysheep_small_spiral
D:13:     layout_roguey [special_room_orc]
D:14:     kennysheep_snake, layout_basic, grunt_vaults_entry_fortified,
          serial_shops, shop, minmay_misc_feat_hallway, nicolae_blasting_shop
D:15:     gammafunk_enter_depths_forms, layout_basic, fiery_altar_vehumet,
          nicolae_shop_self_help
Temple:   nicolae_temple_bog_church
Lair:1:   layout_big_grid, nicolae_quartered_pool_medium
Lair:2:   layout_regular_city, serial_forest, infiniplex_forest_clump_small,
          infiniplex_forest_lined_3, infiniplex_forest_zigzag_1,
          infiniplex_forest_clump_tiny, infiniplex_forest_straight_2,
          infiniplex_forest_lined_2, infiniplex_forest_lined_room_2,
          infiniplex_forest_straight_1, infiniplex_forest_lined_2,
          beast_lair_carwin_2, uniq_nergalle
Lair:3:   layout_cave_shapes, minmay_shoals_entry_centaurs,
          minmay_snake_entry_guardpost_small, minivault_23,
          bh_autumn_forest_stairs, beast_lair_carwin_1, grunt_megastairs_2
Lair:4:   gammafunk_boulding_lane, layout_gridlike, slime_entry_1,
          kennysheep_rathole, uniq_josephine
Lair:5:   guppyfry_lair_end_dragon, layout_regular_city,
          hangedman_lair_in_review
Orc:1:    layout_caves, minmay_orc_temple_b
Orc:2:    st_orc_mages, layout_caves, serial_shops, nicolae_shop_statue_plus,
          shop, basic_altar

Skill      XL: |  1  2  3  4  5  6  7  8  9 10 11 12 13 14 15 16 |
---------------+-------------------------------------------------+-----
Conjurations   | 5 6 7 8 9 10 11 12 13 15 16 | 16.0
Spellcasting   | 4 5 6 7 8 9 10 11 12 13 14 | 14.8
Stealth        | 3 4 5 |  5.3
Dodging        | 3 4 5 |  5.5
Fighting       | 1 2 |  2.7
Hexes          | 2 4 5 7 8 9 |  9.5
Fire Magic     | 2 3 5 6 8 9 |  9.4
Translocations | 2 4 5 6 7 8 |  8.8
Earth Magic    | 1 |  1.2
Unarmed Combat | |  0.4

Action                     |  1- 3 |  4- 6 |  7- 9 | 10-12 | 13-15 | 16-18 || total
---------------------------+-------+-------+-------+-------+-------+-------++-------
  Melee: Unarmed           |     3 |       |       |       |       |       ||     3
   Cast: Magic Dart        |    48 |    77 |   102 |    38 |    46 |     3 ||   314
         Searing Ray       |     2 |    14 |    48 |    56 |    28 |     4 ||   152
         Foxfire           |       |       |     6 |    60 |    82 |     1 ||   149
         Fulminant Prism   |       |       |     6 |    52 |    92 |    17 ||   167
         Dazzling Flash    |       |       |     1 |       |       |       ||     1
         Iskenderun's Myst |       |       |       |    11 |    73 |    31 ||   115
         Fireball          |       |       |       |    28 |   202 |    40 ||   270
         Momentum Strike   |       |       |       |     4 |     8 |     1 ||    13
         Sandblast         |       |       |       |       |    12 |     3 ||    15
         Volatile Blastmot |       |       |       |       |     3 |     1 ||     4
         Starburst         |       |       |       |       |     2 |       ||     2
         Sting             |       |       |       |       |     1 |       ||     1
         Orb of Destructio |       |       |       |       |     7 |     3 ||    10
  Evoke: Wand              |       |       |       |       |     2 |       ||     2
    Use: Potion            |       |     2 |     4 |     1 |     7 |     4 ||    18
         Scroll            |       |       |     5 |    11 |    11 |       ||    27
 Armour: Robe              |     2 |     1 |     9 |    14 |    20 |     7 ||    53
  Dodge: Dodged            |     5 |    18 |    57 |    46 |    63 |    18 ||   207
